Map: Ever Dream LE

Players

Rex - Winner!

  • Race: Zerg Zerg
  • League: Master
  • Spawn Location: 1:00

黑羽快斗 (ButAlways)

  • Race: Protoss Protoss
  • League: Grandmaster
  • Spawn Location: 7:00

Event: DreamHack SC2 Masters 2020 Fall

VOD

Have the link to the VOD?

Description

Time

  • Played on: Aug. 26, 2020, 8:15 a.m.
  • Length: 8:59

All games in this series

Show
View Real Time Build Order
Export as new Build Order

Rex Zerg - Winner!

Build Orders: Hatch First 

Get SALT Encoding   

  12  0:00  Drone  
  13  0:12  Overlord  
  13  0:17  Drone  
  14  0:32  Drone  
  15  0:41  Drone  
  16  0:49  Hatchery  
  15  0:52  Drone  
  17  0:57  Drone  
  17  1:00  Drone  
  18  1:11  Extractor  
  18  1:15  Spawning Pool  
  18  1:17  Drone  
  17  1:21  Drone  
  18  1:28  Drone  
  19  1:39  Drone  
  20  1:52  Overlord  
  20  2:01  Queen  
  20  2:02  Queen  
  20  2:03  Zergling x4  
  26  2:13  Drone x2  
  28  2:20  Metabolic Boost  
  28  2:23  Drone x2  
  30  2:38  Hatchery  
  29  2:45  Queen  
  29  2:48  Drone x2  
  33  2:53  Overlord  
  33  2:58  Drone  
  34  2:59  Drone  
  34  3:00  Drone  
  36  3:12  Drone  
  37  3:13  Drone x3  
  37  3:14  Overlord  
  37  3:19  Drone  
  41  3:23  Queen  
  43  3:28  Drone  
  43  3:30  Spore Crawler  
  43  3:32  Overlord  
  44  3:34  Drone  
  44  3:37  Overlord  
  45  3:44  Spore Crawler  
  44  3:49  Queen  
  44  3:50  Overlord  
  44  3:54  Drone x5  
  51  3:56  Drone  
  51  3:58  Drone x2  
  54  4:04  Drone x2  
  56  4:10  Drone  
  56  4:12  Drone  
  56  4:15  Overlord, Spore Crawler  
  57  4:17  Drone x3  
  57  4:20  Overlord  
  61  4:24  Drone  
  61  4:28  Roach Warren  
  61  4:31  Lair  
  60  4:32  Extractor  
  60  4:33  Drone x2  
  60  4:34  Extractor  
  60  4:37  Drone x3  
  63  4:38  Drone  
  63  4:44  Drone x4  
  67  4:47  Spore Crawler  
  67  4:51  Overlord  
  67  4:52  Drone  
  67  4:57  Drone x4  
  67  4:58  Drone  
  72  5:06  Extractor  
  75  5:07  Extractor  
  75  5:08  Extractor  
  75  5:10  Drone x4  
  75  5:11  Drone  
  74  5:21  Drone x6  
  74  5:25  Evolution Chamber  
  79  5:32  Overseer  
  79  5:33  Spire  
  78  5:37  Drone x8, Overlord  
  78  5:38  Glial Reconstitution  
  78  5:40  Overlord x3  
  86  5:51  Queen x2  
  89  6:13  Overlord x3, Zerg Melee Weapons Level 1  
  89  6:14  Zergling x14  
  96  6:23  Hatchery  
  95  6:28  Hatchery  
  94  6:51  Corruptor x11  
  113  6:54  Corruptor  
  115  7:02  Queen x3  
  122  7:08  Zergling x10  
  122  7:09  Nydus Network, Zergling x4  
  122  7:10  Zergling x2  
  128  7:23  Overlord x2  
  128  7:25  Unknown  
  127  7:32  Corruptor  
  127  7:33  Overlord  
  127  7:34  Overlord x3  
  129  7:44  Corruptor x5  
  129  7:48  Nydus Canal  
  139  7:57  Zergling x2  
  139  7:58  Zergling x16  
  136  8:06  Nydus Canal  
  136  8:08  Corruptor x3  
  136  8:09  Zergling x2  
  143  8:18  Corruptor x2  
  143  8:26  Corruptor  
  143  8:27  Corruptor x2  
  139  8:38  Nydus Canal  
Show
View Real Time Build Order
Export as new Build Order

黑羽快斗 Protoss 

Build Orders: 1 Gate Expand, Colossus Rush 

Get SALT Encoding   

  12  0:00  Probe  
  13  0:13  Probe  
  14  0:18  Pylon  
  14  0:25  Probe (Chrono Boost)  
  15  0:37  Probe (Chrono Boost)  
  15  0:38  Gateway  
  16  0:45  Probe (Chrono Boost)  
  16  0:46  Assimilator  
  17  0:51  Probe  
  18  1:03  Probe  
  19  1:15  Probe  
  20  1:24  Nexus  
  20  1:35  Cybernetics Core  
  20  1:37  Probe  
  21  1:45  Assimilator  
  21  1:49  Probe  
  21  1:52  Pylon  
  22  2:02  Probe (Chrono Boost)  
  23  2:08  Adept (Chrono Boost)  
  23  2:12  Probe (Chrono Boost)  
  26  2:17  Probe (Chrono Boost)  
  26  2:19  Stargate  
  27  2:28  Probe  
  28  2:31  Adept  
  30  2:37  Probe  
  30  2:40  Probe  
  31  2:49  Probe  
  31  2:51  Warp Gate  
  32  2:52  Probe  
  32  2:53  Void Ray (Chrono Boost)  
  33  3:01  Probe (Chrono Boost)  
  39  3:06  Probe (Chrono Boost)  
  39  3:10  Gateway  
  39  3:14  Probe (Chrono Boost)  
  41  3:21  Pylon  
  41  3:22  Robotics Facility, Probe (Chrono Boost)  
  41  3:23  Probe (Chrono Boost)  
  42  3:29  Probe  
  42  3:31  Probe (Chrono Boost)  
  44  3:37  Robotics Facility  
  44  3:40  Assimilator  
  45  3:42  Assimilator  
  45  3:43  Probe (Chrono Boost)  
  45  3:44  Void Ray  
  45  3:46  Probe (Chrono Boost)  
  46  3:53  Probe (Chrono Boost)  
  46  3:55  Probe (Chrono Boost)  
  52  3:58  Pylon  
  52  4:00  Probe  
  53  4:05  Probe  
  54  4:16  Probe  
  55  4:17  Probe  
  56  4:25  Observer (Chrono Boost)  
  56  4:28  Void Ray  
  56  4:29  Robotics Bay, Probe  
  56  4:30  Nexus  
  59  4:37  Pylon  
  62  4:45  Forge  
  62  4:50  Pylon  
  62  4:52  Immortal (Chrono Boost)  
  62  4:55  Probe x2  
  68  5:05  Shield Battery  
  68  5:06  Sentry, Pylon  
  70  5:08  Probe x2  
  70  5:13  Pylon  
  72  5:21  Probe  
  72  5:22  Probe  
  72  5:24  Colossus (Chrono Boost)  
  80  5:29  Shield Battery  
  80  5:31  Protoss Ground Weapons Level 1  
  80  5:35  Probe  
  81  5:36  Probe  
  81  5:41  Extended Thermal Lance  
  82  5:43  Probe  
  82  5:47  Probe  
  82  5:48  Probe  
  82  5:49  Assimilator  
  85  5:51  Observer  
  85  5:53  Assimilator  
  85  5:55  Probe  
  86  5:58  Sentry  
  86  5:59  Probe  
  86  6:00  Probe  
  86  6:03  Pylon  
  90  6:09  Probe  
  90  6:10  Pylon  
  97  6:11  Probe  
  97  6:12  Probe  
  99  6:21  Probe  
  99  6:23  Probe  
  101  6:29  Protoss Air Weapons Level 1 (Chrono Boost)  
  101  6:31  Stargate  
  95  6:34  Fleet Beacon  
  95  6:37  Nexus  
  95  6:39  Stargate  
  95  6:42  Phoenix (Chrono Boost)  
  95  6:46  Probe x2, Photon Cannon  
  95  6:47  Probe  
  96  6:58  Probe  
  96  6:59  Assimilator, Probe x2, Pylon  
  96  7:01  Assimilator  
  99  7:04  Photon Cannon  
  99  7:05  Twilight Council  
  99  7:11  Void Ray (Chrono Boost), Probe x2  
  105  7:21  Void Ray (Chrono Boost)  
  105  7:22  Void Ray (Chrono Boost)  
  110  7:25  Pylon  
  113  7:36  Photon Cannon  
  113  7:38  Stalker x2  
  113  7:40  Pylon  
  113  7:41  Observer  
  118  7:46  Shield Battery  
  118  7:48  Shield Battery  
  118  7:49  Void Ray x2 (Chrono Boost)  
  118  7:50  Photon Cannon  
  118  7:51  Pylon  
  116  8:08  Stalker  
  116  8:10  Shield Battery  
  122  8:13  Shield Battery  
  122  8:15  Shield Battery  
  112  8:28  Shield Battery  
  112  8:35  Zealot x2, Shield Battery  

Tags
 
Add a new tag
Caveats
  • Supply blocks, unpowered buildings, or Contaminate may cause inaccurate times.
  • Supply counts are checked every 10 seconds.